[Event "Team 45 45 League T96"]
[Site "Internet Chess Club"]
[Date "2023.06.08"]
[Round "5"]
[White "Goli"]
[Black "Alec-hine"]
[Result "0-1"]
[WhiteElo "1789"]
[BlackElo "1925"]
[Opening "French: exchange variation"]
[ECO "C01"]
[Time "16:00:44"]
[PlyCount "140"]
[TimeControl "2700+45"]

1. e4 e6 2. d4 d5 3. exd5 exd5 4. Bd3 c5 5. c3 cxd4 6. cxd4 Nc6 7. Nf3 Nf6 8. h3
Be7 9. Nc3 O-O 10. O-O Re8 11. Re1 h6 12. a3 Be6 13. Be3 Na5 14. Nd2 Rc8 15. Rc1
Nc4 16. Nxc4 dxc4 17. Bb1 Bf8 18. Qd2 Nd5 19. Nxd5 Bxd5 20. Bf4 Qd7 21. Rxe8
Rxe8 22. Re1 Rxe1+ 23. Qxe1 a6 24. Qe5 Qe6 25. Qxe6 fxe6 26. Bd2 Kf7 27. f3 Be7
28. Kf2 b5 29. Bc2 Bf6 30. Bc3 Ke7 31. a4 Kd7 32. axb5 axb5 33. Ke2 Kc6 34. Bg6
Kb6 35. g3 Be7 36. h4 b4 37. Bd2 Kc7 38. f4 Kd7 39. Ke3 Bd6 40. h5 Ke7 41. Kf2
Bc6 42. g4 Kd7 43. Ke3 Ba4 44. Bb1 Bd1 45. g5 Bxh5 46. gxh6 gxh6 47. Be4 Bg4 48.
Be1 Be7 49. d5 Bc5+ 50. Kd2 Bf5 51. dxe6+ Kxe6 52. Bf3 Bd4 53. Kd1 c3 54. bxc3
bxc3 55. Ke2 c2 56. Bd2 Bb2 57. Kf2 c1=Q 58. Bxc1 Bxc1 59. Kg3 Kf6 60. Bg4 Bg6
61. Bd7 Bd2 62. Kf3 Bc2 63. Bb5 Ke6 64. Bc4+ Kd6 65. Kg3 Kc5 66. Be2 Kd4 67. Kg4
Ke3 68. Bf3 Kf2 69. Bd5 Bd1+ 70. Kf5 Kg3 {White resigns} 0-1

[Event "Team 45 45 League T96"]
[Site "Internet Chess Club"]
[Date "2023.06.07"]
[Round "5"]
[White "timcent"]
[Black "fhunfi"]
[Result "1/2-1/2"]
[WhiteElo "1885"]
[BlackElo "1703"]
[Opening "QGD Slav: 4.Nc3"]
[ECO "D15"]
[Time "18:25:36"]
[PlyCount "108"]
[TimeControl "2700+45"]

1. d4 d5 2. c4 c6 3. Nf3 Nf6 4. Nc3 a6 5. c5 Nbd7 6. Bf4 Nh5 7. Bd2 e5 8. e3 e4
9. Ng1 Nhf6 10. Na4 Be7 11. Ne2 O-O 12. Qb3 Qc7 13. Nb6 Nxb6 14. Ba5 Nfd7 15.
Nc3 Qb8 16. Bxb6 Nxb6 17. Qxb6 Be6 18. Be2 Bd8 19. Qb3 Bc7 20. g3 Ra7 21. Qc2 f5
22. O-O-O Qe8 23. Na4 Bf7 24. Qb3 Bh5 25. Bxh5 Qxh5 26. h4 Qe8 27. Kb1 Qd8 28.
Rc1 Rf7 29. Qd1 Qf8 30. Rc3 Bd8 31. Rb3 Qe8 32. Nb6 Bxb6 33. Rxb6 Rf6 34. Qb3
Qd7 35. Rc1 h5 36. Rc3 Rf7 37. Qa4 Qc8 38. Qd1 g6 39. Ra3 Ra8 40. b4 Rf8 41. Rb3
Ra7 42. b5 axb5 43. R3xb5 Qa8 44. Rb2 Rf7 45. Ka1 Rc7 46. Qb1 Kf7 47. f3 exf3
48. Qf1 Ra3 49. Qxf3 Re7 50. R6b3 Rxb3 51. Rxb3 Qa5 52. Qd1 Qc7 53. Qf3 Qa5 54.
Qd1 Qc7 {Game drawn by mutual agreement} 1/2-1/2

[Event "Team 45 45 League T96"]
[Site "Internet Chess Club"]
[Date "2023.06.10"]
[Round "5"]
[White "Zugzwanged"]
[Black "mnpaulson"]
[Result "1-0"]
[WhiteElo "1629"]
[BlackElo "1492"]
[Opening "Scotch: Potter variation"]
[ECO "C45"]
[Time "13:01:16"]
[PlyCount "40"]
[TimeControl "2700+45"]

1. e4 e5 2. Nf3 Nc6 3. d4 exd4 4. Nxd4 Bc5 5. Nb3 Bb6 6. Nc3 d6 7. Qe2 Nge7 8.
Be3 O-O 9. O-O-O Be6 10. f4 f6 11. f5 Bf7 12. g4 Re8 13. h4 Qc8 14. Bh3 Ne5 15.
g5 Kh8 16. gxf6 gxf6 17. Nd4 Rg8 18. Rhg1 Qd7 19. Ne6 Qc6 20. Bxb6 a6 {Black
resigns} 1-0

[Event "Team 45 45 League T96"]
[Site "Internet Chess Club"]
[Date "2023.06.12"]
[Round "5"]
[White "seattleblues"]
[Black "ChessMaine"]
[Result "1/2-1/2"]
[WhiteElo "1287"]
[BlackElo "1500"]
[Opening "QGD: Ragozin variation"]
[ECO "D38"]
[Time "06:01:11"]
[PlyCount "81"]
[TimeControl "2700+45"]

1. d4 d5 2. Nf3 Nf6 3. c4 e6 4. Nc3 Bb4 5. Bf4 dxc4 6. e3 Ne4 7. Rc1 b5 8. a3
Bxc3+ 9. bxc3 O-O 10. Be2 c5 11. Qc2 Bb7 12. O-O Qa5 13. Qb2 Bd5 14. dxc5 Nxc5
15. Qb4 Qxb4 16. axb4 Nd3 17. Rcd1 Be4 18. Ng5 Bg6 19. Bf3 Nd7 20. Bxa8 Rxa8 21.
Nf3 Nf6 22. Ne5 Nd5 23. Nxg6 hxg6 24. Be5 Nxe5 25. Rc1 Nd3 26. Rc2 Rc8 27. Ra1
Rc7 28. h3 Rd7 29. e4 Nb6 30. Ra5 a6 31. Rxa6 Na4 32. Ra8+ Kh7 33. Rb8 f5 34.
Rxb5 fxe4 35. Ra5 Nab2 36. Ra2 Nd1 37. Ra1 N1b2 38. Ra2 Nd1 39. Ra1 N1b2 40. Ra2
Nd1 41. Ra1 {Game drawn by repetition} 1/2-1/2

[Event "Team 45 45 League T96"]
[Site "Internet Chess Club"]
[Date "2023.06.09"]
[Round "5"]
[White "Portola"]
[Black "Packerfan"]
[Result "1-0"]
[WhiteElo "1733"]
[BlackElo "1655"]
[Opening "Queen's pawn game, Darooha variation "]
[ECO "D02"]
[Time "16:15:52"]
[PlyCount "107"]
[TimeControl "2700+45"]

1. d4 d5 2. Nf3 Nf6 3. c3 c5 4. e3 Nc6 5. Bd3 e6 6. Qe2 cxd4 7. exd4 Be7 8. O-O
O-O 9. Re1 a6 10. b3 b5 11. Bb2 Bb7 12. Nbd2 b4 13. c4 dxc4 14. Nxc4 Nd5 15. Qe4
Nf6 16. Qh4 h6 17. Qh3 Nd5 18. g3 a5 19. Bc1 Bf6 20. Bxh6 Re8 21. Be3 Nc3 22.
Bh7+ Kf8 23. d5 Nxd5 24. Bc5+ Nce7 25. Be4 g6 26. Rad1 Ra6 27. Ng5 Qc7 28. Nh7+
Kg7 29. Nxf6 Nxf6 30. Bxb7 Qxb7 31. Nd6 Rxd6 32. Bxd6 Nf5 33. Be5 Qc6 34. Qg2
Qc2 35. g4 Nh4 36. Qg3 g5 37. f4 Kg6 38. Bxf6 Kxf6 39. fxg5+ Kxg5 40. Rc1 Qxa2
41. Rc5+ e5 42. Rcxe5+ Rxe5 43. Rxe5+ Kg6 44. Qxh4 Qb1+ 45. Qe1 Qxb3 46. Qe4+
Kg7 47. Rg5+ Kh6 48. Rh5+ Kg7 49. Qe5+ f6 50. Qe7+ Kg8 51. Qe8+ Kg7 52. Qh8+ Kf7
53. Rh7+ Ke6 54. Qg8+ {Black resigns} 1-0

[Event "Team 45 45 League T96"]
[Site "Internet Chess Club"]
[Date "2023.06.10"]
[Round "5"]
[White "justice02"]
[Black "ElValero"]
[Result "1-0"]
[WhiteElo "1737"]
[BlackElo "1704"]
[Opening "English opening"]
[ECO "A30"]
[Time "10:00:34"]
[PlyCount "89"]
[TimeControl "2700+45"]

1. Nf3 Nf6 2. c4 c5 3. g3 b6 4. Bg2 Bb7 5. O-O e6 6. d3 Be7 7. b3 d5 8. Nbd2
Nbd7 9. Bb2 d4 10. b4 O-O 11. Rb1 Qc7 12. a3 e5 13. Nh4 Bxg2 14. Nxg2 cxb4 15.
axb4 Bxb4 16. f4 Bc5 17. fxe5 Nxe5 18. Rf4 Rad8 19. Nb3 Ng6 20. Rf5 Qd7 21. Qf1
Qc6 22. Nxc5 bxc5 23. Ba3 Nd7 24. Rb5 Ne7 25. Bxc5 Nxf5 26. Bxf8 Nxg3 27. hxg3
Nxf8 28. Qf4 Ne6 29. Qh4 a6 30. Re5 g5 31. Rxg5+ Kf8 32. Qh6+ Ke7 33. Rf5 Qc7
34. Qf6+ Ke8 35. Qh8+ Ke7 36. Qxh7 Rf8 37. Qh4+ Ke8 38. Ne1 a5 39. Nc2 Rg8 40.
Kf1 a4 41. Nxd4 a3 42. Nb5 Qb8 43. Nxa3 Rxg3 44. Qh8+ Nf8 45. Qe5+ {Black
resigns} 1-0

[Event "Team 45 45 League T96"]
[Site "Internet Chess Club"]
[Date "2023.06.10"]
[Round "5"]
[White "Kingofknights"]
[Black "ivanson"]
[Result "1/2-1/2"]
[WhiteElo "1553"]
[BlackElo "1598"]
[Opening "King's Indian: Sämisch, 5...O-O"]
[ECO "E81"]
[Time "17:00:32"]
[PlyCount "58"]
[TimeControl "2700+45"]

1. d4 Nf6 2. c4 g6 3. f3 Bg7 4. e4 d6 5. Nc3 O-O 6. Bg5 c5 7. d5 e6 8. Qd2 exd5
9. cxd5 a6 10. a4 Nbd7 11. Nh3 Rb8 12. Be2 Qc7 13. Nf2 c4 14. O-O b5 15. axb5
axb5 16. b4 cxb3 17. Nxb5 Qb6 18. Be3 Nc5 19. Rfb1 Bd7 20. Nd4 Rb7 21. Ra3 b2
22. Ra2 Rfb8 23. Nc6 Bxc6 24. dxc6 Qxc6 25. Bd4 Nb3 26. Qe3 Nxd4 27. Qxd4 Qc1+
28. Qd1 Qxd1+ 29. Nxd1 Nd7 {Game drawn by mutual agreement} 1/2-1/2

[Event "Team 45 45 League T96"]
[Site "Internet Chess Club"]
[Date "2023.06.10"]
[Round "5"]
[White "RD1974"]
[Black "burlap"]
[Result "1-0"]
[WhiteElo "1635"]
[BlackElo "1231"]
[Opening "QGD Slav: 3.Nf3"]
[ECO "D11"]
[Time "11:04:29"]
[PlyCount "87"]
[TimeControl "2700+45"]

1. d4 d5 2. c4 c6 3. Nf3 e6 4. g3 dxc4 5. Ne5 b5 6. Bg2 Bb4+ 7. Nc3 Ne7 8. O-O
f6 9. Nf3 O-O 10. Ne4 a6 11. a4 a5 12. axb5 cxb5 13. Nc3 Bd7 14. e4 a4 15. d5
exd5 16. Nxd5 Nxd5 17. Qxd5+ Rf7 18. Qxa8 Bc6 19. Qxc6 Nxc6 20. e5 fxe5 21. Ng5
Rd7 22. Bxc6 Rd1 23. Be3 Rxf1+ 24. Rxf1 Qc7 25. Bxb5 c3 26. bxc3 Be7 27. Bxa4
Bxg5 28. Bxg5 Qxc3 29. Rc1 Qa3 30. Rc8+ Kf7 31. Be8+ Ke6 32. Rc6+ Kd5 33. Be3
Qa1+ 34. Kg2 Qb1 35. Rc5+ Kd6 36. Bc6 Ke6 37. Bf3 Kf5 38. Rc7 e4 39. Rc5+ Ke6
40. Bg4+ Kf6 41. Rc6+ Ke7 42. Bg5+ Kf7 43. Be6+ Kg6 44. Ba2+ {Black resigns} 1-0

[Event "Team 45 45 League T96"]
[Site "Internet Chess Club"]
[Date "2023.06.13"]
[Round "5"]
[White "fileman"]
[Black "Alec-hine"]
[Result "0-1"]
[WhiteElo "1766"]
[BlackElo "1934"]
[Opening "Queen's pawn game"]
[ECO "D02"]
[Time "13:13:40"]
[PlyCount "92"]
[TimeControl "2700+45"]

1. d4 d5 2. Nf3 e6 3. g3 b6 4. Bg2 Bb7 5. O-O Nd7 6. Re1 Ngf6 7. c3 Bd6 8. Nbd2
c5 9. e3 O-O 10. a3 a5 11. Qc2 h6 12. h3 Qc7 13. Nh2 Rfc8 14. Qd1 b5 15. e4 cxd4
16. cxd4 Nxe4 17. Nxe4 dxe4 18. Bxe4 Bxe4 19. Rxe4 Nf6 20. Re1 Qc2 21. Qxc2 Rxc2
22. Rb1 Rac8 23. Be3 Nd5 24. Nf1 a4 25. Kg2 b4 26. axb4 Bxb4 27. Red1 Re2 28.
Kf3 Rcc2 29. Rdc1 Rxb2 30. Ra1 a3 31. Rc8+ Kh7 32. g4 a2 33. Ra8 Bc3 34. Ng3
Rec2 35. Ne4 f5 36. gxf5 exf5 37. Nc5 f4 38. Nd3 fxe3 39. Nxb2 Rxf2+ 40. Kg3
Bxb2 41. R1xa2 Bxd4 42. R2a4 Be5+ 43. Kg4 e2 44. Re4 Rf4+ 45. Rxf4 Bxf4 46. Ra1
Bd2 {White resigns} 0-1

[Event "Team 45 45 League T96"]
[Site "Internet Chess Club"]
[Date "2023.06.09"]
[Round "5"]
[White "MichaelIC"]
[Black "Redman1"]
[Result "1-0"]
[WhiteElo "2055"]
[BlackElo "1546"]
[Opening "Nimzo-Indian: Reshevsky variation"]
[ECO "E46"]
[Time "14:00:21"]
[PlyCount "49"]
[TimeControl "2700+45"]

1. d4 Nf6 2. c4 e6 3. Nc3 Bb4 4. e3 O-O 5. Ne2 b6 6. Ng3 Bb7 7. a3 Bxc3+ 8. bxc3
c5 9. f3 d5 10. cxd5 exd5 11. Bd3 Re8 12. O-O Nbd7 13. Re1 Qc7 14. Bb2 Rad8 15.
Qd2 Qc6 16. e4 dxe4 17. fxe4 c4 18. Bc2 Nf8 19. Qf2 Rd7 20. e5 Nd5 21. Nf5 Ne6
22. Nd6 Rxd6 23. exd6 Qxd6 24. Re5 Ndf4 25. Qxf4 {Black resigns} 1-0

[Event "Team 45 45 League T96"]
[Site "Internet Chess Club"]
[Date "2023.06.09"]
[Round "5"]
[White "MrAbendroth"]
[Black "JACampbell"]
[Result "0-1"]
[WhiteElo "1644"]
[BlackElo "1666"]
[Opening "King's Indian defense"]
[ECO "E60"]
[Time "13:12:42"]
[PlyCount "120"]
[TimeControl "2700+45"]

1. d4 Nf6 2. c4 g6 3. h4 Bg7 4. Nc3 d5 5. h5 dxc4 6. hxg6 hxg6 7. Rxh8+ Bxh8 8.
e4 Nc6 9. Nf3 Bg4 10. Be3 e5 11. d5 Ne7 12. Bxc4 Nd7 13. Qb3 Nb6 14. Be2 Nec8
15. O-O-O Nd6 16. Rh1 Bg7 17. Rh7 Kf8 18. Bh6 Bxh6+ 19. Rxh6 Kg7 20. Rh1 Bxf3
21. Bxf3 Qg5+ 22. Kd1 f5 23. Qc2 fxe4 24. Nxe4 Nxe4 25. Qxc7+ Kf6 26. Bxe4 Rc8
27. Qd6+ Kg7 28. Bc2 Rd8 29. Qc7+ Rd7 30. Qc3 Rxd5+ 31. Ke2 Qxg2 32. Rh3 Qg4+
33. Kf1 Qc4+ 34. Qxc4 Nxc4 35. Rg3 e4 36. Kg2 Re5 37. f4 exf3+ 38. Kxf3 Re3+ 39.
Kf4 Rxg3 40. Kxg3 Nxb2 41. Kg4 Kf6 42. a4 b6 43. Kf4 Nc4 44. Ke4 g5 45. Kd4 Na5
46. Be4 g4 47. Kd5 g3 48. Kd6 a6 49. Kd5 Kg5 50. Bg2 Kf4 51. Kd4 Nb3+ 52. Kc4
Nd2+ 53. Kd3 Nf3 54. Ke2 Nh4 55. Bc6 g2 56. Kf2 Ke5 57. Be8 Kd4 58. Bd7 Kc5 59.
Be8 b5 60. axb5 axb5 {White resigns} 0-1

[Event "Team 45 45 League T96"]
[Site "Internet Chess Club"]
[Date "2023.06.10"]
[Round "5"]
[White "DaveTheRook"]
[Black "LoseOften"]
[Result "0-1"]
[WhiteElo "1411"]
[BlackElo "1654"]
[Opening "QGD: semi-Slav"]
[ECO "D31"]
[Time "15:00:47"]
[PlyCount "96"]
[TimeControl "2700+45"]

1. d4 e6 2. c4 d5 3. Nc3 c6 4. cxd5 cxd5 5. Nf3 Nf6 6. Bg5 h6 7. Bh4 Be7 8. e3
Bd7 9. Be2 Nc6 10. O-O a6 11. Rc1 Rc8 12. a3 O-O 13. h3 Na5 14. Ne5 Be8 15. Bg3
b5 16. Nb1 Nc4 17. Nxc4 bxc4 18. Nc3 Qb6 19. Rb1 Bc6 20. Qc2 Ne8 21. Rfc1 Nd6
22. Bd1 f5 23. Qe2 g5 24. Qh5 Kh7 25. Bc2 Be8 26. Qe2 Bg6 27. Na4 Qc6 28. Nc5
Ne4 29. Ba4 Nxg3 30. fxg3 Qd6 31. Bd7 Rxc5 32. dxc5 Qxd7 33. b4 f4 34. gxf4 Bxb1
35. Rxb1 gxf4 36. Qc2+ Kg7 37. exf4 Rxf4 38. Qc3+ Bf6 39. Qg3+ Bg5 40. h4 Rxh4
41. Rf1 Qe7 42. c6 Qa7+ 43. Rf2 Rf4 44. Kf1 Qxf2+ 45. Qxf2 Rxf2+ 46. Kxf2 Bd8
47. a4 a5 48. b5 Kf6 {White resigns} 0-1

[Event "Team 45 45 League T96"]
[Site "Internet Chess Club"]
[Date "2023.06.13"]
[Round "5"]
[White "room-matt"]
[Black "janh"]
[Result "1-0"]
[WhiteElo "1798"]
[BlackElo "1959"]
[Opening "Queen's pawn: Chigorin variation"]
[ECO "D00"]
[Time "14:46:07"]
[PlyCount "119"]
[TimeControl "2700+45"]

1. d4 d5 2. Nc3 e6 3. Nf3 Nf6 4. Bg5 Be7 5. Qd3 Nbd7 6. O-O-O c5 7. e4 dxe4 8.
Nxe4 c4 9. Qe2 Nxe4 10. Bxe7 Qxe7 11. Qxe4 c3 12. bxc3 Qa3+ 13. Kb1 Nf6 14. Bb5+
Ke7 15. Qe3 a6 16. Bc4 b5 17. Bb3 Re8 18. d5 Kf8 19. d6 Bd7 20. Qc1 Qc5 21. Qe3
Rac8 22. Rd3 a5 23. a4 bxa4 24. Ba2 Qa3 25. Qc1 Rb8+ 26. Ka1 Qc5 27. Qe3 Rec8
28. Ne5 Ke8 29. g4 Rb5 30. f4 Qa3 31. Qc1 Qc5 32. Qe3 Qa3 33. Qc1 Qxc1+ 34. Rxc1
Ne4 35. c4 Rbb8 36. Rd4 Nc5 37. g5 a3 38. h3 Rb6 39. h4 Rcb8 40. h5 Rb2 41. Nd3
Na4 42. Bb3 Nc3 43. Nxb2 axb2+ 44. Kxb2 Ne2 45. Rd3 a4 46. Rf1 axb3 47. cxb3 Bc6
48. Rf2 Be4 49. Re3 Nd4 50. Rxe4 Nxb3 51. Ka3 Nc5 52. Re3 Kd7 53. Rd2 Rb1 54.
Ka2 Rc1 55. Rd4 Kc6 56. Ra3 Rh1 57. Ra7 Rh2+ 58. Ka3 Rh3+ 59. Kb2 Rh2+ 60. Kb1
{Black resigns} 1-0

[Event "Team 45 45 League T96"]
[Site "Internet Chess Club"]
[Date "2023.06.11"]
[Round "5"]
[White "ElValero"]
[Black "Beetlejuice"]
[Result "0-1"]
[WhiteElo "1687"]
[BlackElo "1707"]
[Opening "Dutch defense"]
[ECO "A81"]
[Time "14:00:20"]
[PlyCount "72"]
[TimeControl "2700+45"]

1. d4 f5 2. g3 Nf6 3. Bg2 g6 4. Nc3 d5 5. Bg5 e6 6. Nh3 Bg7 7. Nf4 Kf7 8. h4 h6
9. Bxf6 Qxf6 10. h5 g5 11. Ng6 Rd8 12. e3 a6 13. g4 c6 14. Qe2 Nd7 15. gxf5 exf5
16. O-O-O Qd6 17. f3 Nf6 18. e4 dxe4 19. Ne5+ Kg8 20. fxe4 f4 21. Bh3 Bxh3 22.
Rxh3 Qe6 23. Rhh1 b5 24. Qf3 c5 25. Ng6 cxd4 26. Ne2 Qxe4 27. Qf2 Qe3+ 28. Qxe3
dxe3 29. Ne7+ Kf7 30. Nc6 Rxd1+ 31. Rxd1 Rc8 32. Ne5+ Ke8 33. Rd6 Nxh5 34. Re6+
Kf8 35. Nc6 Re8 36. Rd6 f3 {White resigns} 0-1

[Event "Team 45 45 League T96"]
[Site "Internet Chess Club"]
[Date "2023.06.11"]
[Round "5"]
[White "bobhill"]
[Black "julesraider"]
[Result "1-0"]
[WhiteElo "1865"]
[BlackElo "1586"]
[Opening "Queen's bishop game"]
[ECO "D02"]
[Time "21:01:51"]
[PlyCount "157"]
[TimeControl "2700+45"]

1. d4 Nf6 2. Nf3 d5 3. Bf4 c5 4. e3 Nc6 5. c3 Qb6 6. Qb3 c4 7. Qxb6 axb6 8. Nbd2
Bf5 9. h3 h6 10. g4 Bh7 11. Bg2 e6 12. O-O Be7 13. Ne5 O-O 14. Rfe1 b5 15. a3
Na5 16. Bg3 Rfd8 17. h4 Nd7 18. f4 f6 19. Nef3 Kh8 20. Kh2 Bd6 21. g5 h5 22. Ng1
Nb3 23. Nxb3 cxb3 24. Bf3 g6 25. Ne2 f5 26. Nc1 Nb6 27. Nxb3 Nc4 28. Re2 Bg8 29.
Nc1 Rdc8 30. Nd3 Kg7 31. Ne5 b4 32. cxb4 Bxb4 33. Be1 Bxe1 34. Raxe1 Nxe5 35.
dxe5 Ra4 36. Rd2 Rac4 37. Bd1 Bf7 38. Ree2 Be8 39. Rc2 Bb5 40. Rxc4 Rxc4 41. Rc2
Kf7 42. Kg3 Ke7 43. Kf2 Kd7 44. Ke1 Re4 45. Kf2 d4 46. Rd2 d3 47. b3 Kc6 48. Bf3
Kd5 49. a4 Ba6 50. b4 Bc4 51. a5 Kc6 52. Ke1 Kb5 53. Bxe4 fxe4 54. Rb2 Bd5 55.
Kd2 Bc6 56. Kc3 Bd5 57. Kd4 b6 58. axb6 Kxb6 59. Kc3 Kb5 60. Rb1 Bb7 61. Ra1 Bd5
62. Ra7 Bc6 63. Re7 Bd5 64. Rg7 Bc6 65. Rxg6 Bd7 66. Rh6 d2 67. Kxd2 Kxb4 68.
Rxh5 Kc4 69. Rh7 Be8 70. Re7 Bh5 71. Rxe6 Kd5 72. Rd6+ Kc5 73. f5 Bg4 74. f6 Bh5
75. Rd4 Bg6 76. e6 Kc6 77. f7 Kc5 78. f8=Q+ Kc6 79. Qc8+ {Black resigns} 1-0

[Event "Team 45 45 League T96"]
[Site "Internet Chess Club"]
[Date "2023.06.10"]
[Round "5"]
[White "Sandrotov"]
[Black "discipulo"]
[Result "1-0"]
[WhiteElo "1650"]
[BlackElo "1738"]
[Opening "French defense, Steiner variation"]
[ECO "A13"]
[Time "13:09:18"]
[PlyCount "77"]
[TimeControl "2700+45"]

1. c4 e6 2. e4 d5 3. cxd5 exd5 4. exd5 Nf6 5. Nc3 Nxd5 6. d4 Be7 7. Nf3 O-O 8.
Be2 Bf5 9. a3 Nc6 10. O-O Bf6 11. Qb3 Nb6 12. Rd1 Re8 13. Be3 Qe7 14. Rac1 Rad8
15. Bb5 a6 16. Bxc6 bxc6 17. Ne2 Nd5 18. Ng3 Bg4 19. Rd3 Rb8 20. Qc2 Rb6 21. Ne5
Bxe5 22. dxe5 Nxe3 23. Rxe3 Reb8 24. b4 Be6 25. Ne2 Bd5 26. Nf4 Rc8 27. Rce1 Be6
28. Ne2 Bd5 29. Nd4 Re8 30. Rg3 g6 31. Qc1 Qh4 32. Nf5 Qh5 33. Nh6+ Kg7 34. Ng4
Re6 35. Nf6 Rxf6 36. exf6+ Kxf6 37. Rh3 Qg4 38. Qc3+ Kf5 39. Qe5# {Black
checkmated} 1-0

[Event "Team 45 45 League T96"]
[Site "Internet Chess Club"]
[Date "2023.06.09"]
[Round "5"]
[White "ElValero"]
[Black "Lawkeito"]
[Result "1-0"]
[WhiteElo "1720"]
[BlackElo "1718"]
[Opening "Sicilian: accelerated fianchetto, Maróczy bind, 6.Be3"]
[ECO "B38"]
[Time "14:06:36"]
[PlyCount "79"]
[TimeControl "2700+45"]

1. Nf3 c5 2. c4 Nc6 3. d4 cxd4 4. Nxd4 g6 5. e4 Bg7 6. Be3 e6 7. Nc3 Nge7 8. Be2
O-O 9. O-O a6 10. c5 d5 11. cxd6 Qxd6 12. Nxc6 Qxc6 13. Rc1 Qe8 14. Bc5 Kh8 15.
Qd6 Nc6 16. Rfd1 Ne5 17. b4 Rg8 18. b5 Nd7 19. Be3 Qf8 20. Qc7 Be5 21. Qa5 Nb8
22. bxa6 Nc6 23. Qb6 Qb4 24. axb7 Bxb7 25. Rd7 Qxb6 26. Bxb6 Bc8 27. Rxf7 Ba6
28. f4 Nd8 29. Bxd8 Bd4+ 30. Kf1 Rgxd8 31. Bxa6 Rxa6 32. e5 Bxc3 33. Rxc3 Rxa2
34. Rc1 Rad2 35. Rcc7 Rd1+ 36. Kf2 R1d2+ 37. Kg3 R2d3+ 38. Kg4 h5+ 39. Kg5 Rd2
40. Kf6 {Black resigns} 1-0

[Event "Team 45 45 League T96"]
[Site "Internet Chess Club"]
[Date "2023.06.11"]
[Round "5"]
[White "manfredo"]
[Black "julesraider"]
[Result "0-1"]
[WhiteElo "1528"]
[BlackElo "1592"]
[Opening "Caro-Kann: Tartakower (fantasy) variation"]
[ECO "B12"]
[Time "14:01:04"]
[PlyCount "130"]
[TimeControl "2700+45"]

1. e4 c6 2. d4 d5 3. f3 dxe4 4. fxe4 e5 5. Nf3 Bg4 6. c3 Nf6 7. Bd3 Bxf3 8. Qxf3
Bd6 9. O-O O-O 10. Be3 Nbd7 11. Nd2 a5 12. Be2 a4 13. Qg3 exd4 14. Qxd6 dxe3 15.
Nc4 Nxe4 16. Qf4 Nd2 17. Nxd2 exd2 18. Qxd2 Qb6+ 19. Kh1 Nf6 20. Rf4 Rad8 21.
Qc2 Qe3 22. Rf3 Rd2 23. Rxe3 Rxc2 24. Rb1 Nd5 25. Re4 b5 26. Bd3 Rd2 27. Rd4 g6
28. Be4 Rxd4 29. cxd4 Rd8 30. Rc1 f5 31. Bf3 Rd6 32. Kg1 Kf7 33. g3 Ne7 34. Rd1
Nd5 35. a3 Kf6 36. Kf2 g5 37. Bh5 Nc7 38. Bf3 Ne6 39. d5 cxd5 40. Rxd5 Rxd5 41.
Bxd5 Nc7 42. Bc6 Ke5 43. Ke3 f4+ 44. gxf4+ gxf4+ 45. Kf3 h6 46. Kg4 Kd6 47. Bf3
Ke5 48. Kh5 Kd4 49. Kxh6 Ke3 50. Bd1 f3 51. Bxf3 Kxf3 52. h4 Ne6 53. Kg6 Nf4+
54. Kg5 Ke3 55. Kg4 Ke4 56. Kg5 Ke3 57. Kg4 Ke4 58. Kg5 Ke5 59. Kg4 Nd3 60. Kg5
Nxb2 61. h5 Nc4 62. h6 Nd6 63. Kg6 Ke6 64. h7 Nf7 65. Kg7 b4 {White resigns} 0-1

[Event "Team 45 45 League T96"]
[Site "Internet Chess Club"]
[Date "2023.06.08"]
[Round "5"]
[White "mongmong"]
[Black "fvafier"]
[Result "0-1"]
[WhiteElo "1440"]
[BlackElo "1534"]
[Opening "Colle system"]
[ECO "D05"]
[Time "16:06:02"]
[PlyCount "94"]
[TimeControl "2700+45"]

1. d4 d5 2. Nf3 Nf6 3. e3 e6 4. Bd3 c5 5. c3 Nc6 6. Nbd2 b6 7. O-O Bb7 8. Ne5
Bd6 9. f4 O-O 10. g4 Nd7 11. Qf3 f6 12. Nxd7 Qxd7 13. Qh3 g6 14. Nf3 e5 15. fxe5
fxe5 16. Bb5 e4 17. Nd2 a6 18. Bxc6 Bxc6 19. b3 cxd4 20. exd4 Rxf1+ 21. Nxf1 Qe6
22. Be3 Bd7 23. Nd2 Qxg4+ 24. Qxg4 Bxg4 25. c4 Bb4 26. cxd5 Bxd2 27. Bxd2 Rd8
28. Be3 Rd6 29. Rf1 Bf5 30. Rc1 Rxd5 31. b4 Kf7 32. Kf2 Ke6 33. Rc6+ Rd6 34.
Rxd6+ Kxd6 35. Ke2 Kd5 36. a3 Kc4 37. Ke1 Kd3 38. Bg1 e3 39. d5 b5 40. d6 g5 41.
h4 gxh4 42. Bh2 h3 43. Bg3 Ke4 44. Ke2 Bg4+ 45. Kf1 Kf3 46. Be5 e2+ 47. Ke1 Kg2
{White resigns} 0-1

[Event "Team 45 45 League T96"]
[Site "Internet Chess Club"]
[Date "2023.06.09"]
[Round "5"]
[White "Denis240964"]
[Black "Gilguli"]
[Result "0-1"]
[WhiteElo "1291"]
[BlackElo "1470"]
[Opening "King's pawn game"]
[ECO "C50"]
[Time "10:00:40"]
[PlyCount "72"]
[TimeControl "2700+45"]

1. e4 e5 2. Nf3 Nc6 3. Bc4 g6 4. c3 Bg7 5. d4 exd4 6. cxd4 Nge7 7. Nc3 O-O 8.
O-O d6 9. Be3 h6 10. Qd2 Kh7 11. Nd5 f5 12. Nxe7 Nxe7 13. exf5 gxf5 14. d5 Ng6
15. Bd4 Rg8 16. Rfe1 Nh4 17. Nxh4 Qxh4 18. Bxg7 Qxc4 19. Rac1 Qh4 20. Rxc7 Rxg7
21. Rxg7+ Kxg7 22. Re8 Qc4 23. Qe3 Qxd5 24. Qg3+ Kf6 25. Rf8+ Ke6 26. Qe3+ Kd7
27. Qe8+ Kc7 28. Rf7+ Kb6 29. Qe3+ Ka6 30. Qe2+ b5 31. Rc7 Bb7 32. f3 Qd4+ 33.
Kf1 Bd5 34. Rc3 Bc4 35. Rxc4 Qxc4 36. Qxc4 bxc4 {White resigns} 0-1

[Event "Team 45 45 League T96"]
[Site "Internet Chess Club"]
[Date "2023.06.09"]
[Round "5"]
[White "Rookmaster"]
[Black "elmaestro"]
[Result "1-0"]
[WhiteElo "1608"]
[BlackElo "1555"]
[Opening "Sicilian: Najdorf, Göteborg (Argentine) variation"]
[ECO "B98"]
[Time "17:10:00"]
[PlyCount "137"]
[TimeControl "2700+45"]

1. e4 c5 2. Nf3 d6 3. d4 cxd4 4. Nxd4 Nf6 5. Nc3 a6 6. Bg5 e6 7. f4 Be7 8. Qf3
h6 9. Bh4 g5 10. fxg5 Nfd7 11. Bg3 Ne5 12. Bxe5 dxe5 13. Nb3 Bxg5 14. Rd1 Qb6
15. Bd3 Nc6 16. Rf1 O-O 17. g3 Nd4 18. Nxd4 exd4 19. Ne2 e5 20. Kf2 Be3+ 21. Kg2
Qg6 22. h3 Kg7 23. c3 Qe6 24. g4 Bd7 25. cxd4 exd4 26. Nf4 Bxf4 27. Qxf4 f6 28.
Qf5 Qe7 29. Qd5 Be6 30. Qxd4 Bxa2 31. Qf2 Bb3 32. Bc2 Bxc2 33. Qxc2 Rac8 34. Qa4
b5 35. Qd4 Rc4 36. Qd7 Rxe4 37. Qxe7+ Rxe7 38. Rf2 a5 39. Rd5 Re5 40. Rd7+ Rf7
41. Rd4 a4 42. Rfd2 Kg6 43. Rd5 Rfe7 44. Rxe5 Rxe5 45. h4 b4 46. Rd3 h5 47.
gxh5+ Kxh5 48. Kf3 f5 49. Kf4 Re2 50. Kxf5 Rxb2 51. Rd8 Kxh4 52. Kf4 Kh3 53.
Rh8+ Kg2 54. Rg8+ Kf2 55. Rh8 Ke1 56. Ke3 Rb3+ 57. Kd4 Kd2 58. Ra8 a3 59. Kc4
Rb1 60. Rd8+ Kc2 61. Rh8 Rb2 62. Rh1 b3 63. Rg1 Rb1 64. Rg2+ Kd1 65. Kd3 Ke1 66.
Rg1+ Kf2 67. Rxb1 a2 68. Ra1 Kf3 69. Kc3 {Black resigns} 1-0

[Event "Team 45 45 League T96"]
[Site "Internet Chess Club"]
[Date "2023.06.10"]
[Round "5"]
[White "burlap"]
[Black "CMAlge"]
[Result "1-0"]
[WhiteElo "1254"]
[BlackElo "1366"]
[Opening "Queen's pawn: London system"]
[ECO "A45"]
[Time "16:00:34"]
[PlyCount "77"]
[TimeControl "2700+45"]

1. d4 Nf6 2. Bf4 g6 3. e3 Bg7 4. Be2 O-O 5. Nd2 d6 6. Ngf3 Nbd7 7. h3 Re8 8. O-O
e5 9. dxe5 dxe5 10. Bh2 e4 11. Nd4 a6 12. c3 c5 13. N4b3 b5 14. a4 bxa4 15. Rxa4
Nb6 16. Ra5 Nfd7 17. Nxc5 Ne5 18. Ndxe4 Qh4 19. Bf3 Nbc4 20. Nd6 Rd8 21. Bxa8
Bxh3 22. gxh3 Qxh3 23. Rxa6 Rxa8 24. Rxa8+ Bf8 25. Nxc4 Nf3+ 26. Qxf3 Qxf3 27.
Rfa1 Qg4+ 28. Bg3 Qxc4 29. Nd7 Kg7 30. Nxf8 h5 31. Be5+ Kh6 32. Bf4+ Kg7 33.
R1a7 Qe2 34. Be5+ Kh6 35. Rxf7 Qg4+ 36. Bg3 h4 37. Ra5 Qd1+ 38. Kg2 h3+ 39. Kh2
{Black forfeits on time} 1-0